 Dungeon Sprint DCSS version 0.16-a0-3325-g64f94fb (webtiles) character file.

6728 BluebellGnoll the Bludgeoner (level 11, 72/118 HPs)
             Began as an Ogre Arcane Marksman on Dec 27, 2014.
             Was a High Priest of Okawaru (penitent).
             Quit the game in the Dungeon (Sprint IX: "|||||||||||||||||||||||||||||").
             The game lasted 00:16:28 (2231 turns).

BluebellGnoll the Bludgeoner (Ogre Arcane Marksman) Turns: 2231, Time: 00:16:28

Health: 72/118     AC: 11    Str: 21    XL:     11   Next: 4%
Magic:  26/29      EV: 14    Int: 15    God:    Okawaru [*]
Gold:   715        SH:  0    Dex:  9    Spells: 6 memorised, 10 levels left

rFire  . . .     SeeInvis +     p - +2 dire flail (protect)
rCold  . . .     Clarity  .     a - +0 robe
rNeg   . . .     SustAb   .     (shield restricted)
rPois  .         Gourm    .     y - +2 hat {SInv}
rElec  .         Spirit   .     q - +0 cloak
rCorr  .         Warding  .     (gloves unavailable)
rMut   .         NoTele   +     (boots unavailable)
MR     +....                    (no amulet)
Stlth  ++........               u - ring of stealth
                                l - +3 ring of strength

@: somewhat resistant to hostile enchantments, unstealthy
A: unfitting armour, tough skin 1
a: Renounce Religion


You were in the Dungeon.
You worshipped Okawaru.
Okawaru was demanding penance.
You were not hungry.

You visited 1 branch You collected 715 gold pieces.

Inventory:

Hand weapons
 p - a +2 dire flail of protection (weapon)
Missiles
 b - 4 tomahawks of returning
 c - a throwing net (quivered)
 B - 3 large rocks
Armour
 a - a +0 robe (worn)
 q - a +0 cloak (worn)
 y - a +2 hat of see invisible (worn)
 A - a +2 hat
Magical staves
 o - an uncursed staff of energy
Jewellery
 l - a +3 ring of strength (left hand)
 u - a ring of stealth (right hand)
Magical devices
 n - a wand of cold (0)
Scrolls
 j - 5 scrolls of remove curse
 k - 4 scrolls of blinking
 m - 2 scrolls of amnesia
 t - a scroll of enchant weapon
 v - a scroll of fog
Potions
 e - 7 potions of curing
 g - 7 potions of heal wounds
 h - a potion of invisibility
 i - 4 potions of magic
 w - a potion of restore abilities
Books
 d - a book of Debilitation

   Spells                             Type                      Level
   a - Corona                         Hexes                        1
   b - Slow                           Hexes                        2
   c - Inner Flame                    Hexes/Fire                   3
   d - Enslavement                    Hexes                        4
   e - Cause Fear                     Hexes                        4
   f - Leda's Liquefaction            Hexes/Earth                  4
Comestibles
 f - 13 meat rations
 r - 5 chunks of flesh
 x - 39 fruits
 z - 12 bread rations


   Skills:
 - Level 10.3 Fighting
 + Level 16.5 Maces & Flails
 - Level 7.2 Throwing
 - Level 13.4 Dodging
 - Level 9.4 Spellcasting
 - Level 8.6 Hexes


You had 10 spell levels left.
You knew the following spells:

 Your Spells              Type           Power        Failure   Level  Hunger
a - Corona                Hex            ####...      1%          1    None
b - Slow                  Hex            ####....     1%          2    None
c - Cause Fear            Hex            ####......   2%          4    ###....
d - Inner Flame           Hex/Fire       ###.....     6%          3    #......
e - Leda's Liquefaction   Hex/Erth       ###.......   21%         4    ###....
f - Enslavement           Hex            ####....     2%          4    ###....


Dungeon Overview and Level Annotations

Branches:
Dungeon (1/1)

Altars:
Cheibriados
Dithmenos
Elyvilon
Fedhas
Gozag
Kikubaaqudgha
Makhleb
Nemelex Xobeh
Okawaru
Qazlal
Ru
Sif Muna
Trog
Vehumet
Xom
Yredelemnul
Zin
The Shining One
Beogh
Jiyva
Lugonu


Innate Abilities, Weirdness & Mutations

You are too large for most types of armour.
You have tough skin (AC +1).


Message History

You impale the orc warrior!!
You kill the orc warrior!
Okawaru accepts your kill.
You now have 665 gold pieces (gained 50).
c - a throwing net
Things that are here:
a war axe of chopping; a plate armour; an orc corpse You butcher the orc corpse.
r - 9 chunks of flesh (gained 2)
Things that are here:
a war axe of chopping; a plate armour You now have 715 gold pieces (gained 50).
Things that are here:
a trident; a plate armour; a whip You see here a dagger.
Some of the chunks of flesh in your inventory have rotted away.
Things that are here:
a battleaxe; a chain mail Unknown command.
Are you sure you want to abandon this character and quit the game? (Confirm with "yes".)

▓▓▓▓▓▓▓▓▓▓▓
▓<▓...▓)).▓
▓.▓.▓.▓)▓.▓
▓.▓.▓.▓.▓o▓
▓.▓.▓.▓.▓.▓
▓)▓.▓.▓@▓o▓
▓'▓.▓.▓.▓o▓
▓(▓.▓.▓.▓.▓
▓.▓.▓'▓.▓.▓
▓.▓.▓.▓.▓.▓
▓.▓.▓.▓)▓)▓
▓.▓.▓.▓)▓)▓
▓)▓.▓.▓)▓.▓
▓.▓.▓.▓.▓.▓


There were no monsters in sight!

Vanquished Creatures
  Gastronok (D)
  An orc sorcerer (D)
  An elephant (D)
  4 spiny frogs (D)
  Psyche (D)
  A komodo dragon (D)
  2 polar bears (D)
  A blink frog (D)
  A yak (D)
  A wyvern (D)
  A hungry ghost (D)
  3 water moccasins (D)
  6 orc warriors (D)
  6 black bears (D)
  A yellow wasp (D)
  A giant frog (D)
  3 crocodiles (D)
  2 crimson imps (D)
  A hound (D)
  A jelly (D)
  4 orc priests (D)
  An iguana (D)
  2 orc wizards (D)
  An adder (D)
  A river rat (D)
  An adder zombie (D)
  7 orcs (D)
  A bat skeleton (D)
  A bat zombie (D)
  2 goblins (D)
  A hobgoblin (D)
  5 kobolds (D)
  A bat (D)
  2 orc zombies (D)
  A rat (D)
70 creatures vanquished.

Vanquished Creatures (collateral kills)
  An orc warrior (D)
1 creature vanquished.

Vanquished Creatures (others)
  A polar bear (D)
1 creature vanquished.

Grand Total: 72 creatures vanquished

Notes
Turn   | Place    | Note
--------------------------------------------------------------
     0 | D        | BluebellGnoll, the Ogre Arcane Marksman, began the quest for the Orb.
     0 | D        | Reached XP level 1. HP: 19/19 MP: 2/2
    14 | D        | Reached skill level 3 in Fighting
    22 | D        | Reached skill level 4 in Fighting
   242 | D        | Reached XP level 2. HP: 30/33 MP: 1/3
   245 | D        | Reached skill level 1 in Maces & Flails
   293 | D        | Found a glowing silver altar of Zin.
   293 | D        | Found a glowing golden altar of the Shining One.
   293 | D        | Found an ancient bone altar of Kikubaaqudgha.
   293 | D        | Found a basalt altar of Yredelemnul.
   293 | D        | Found a shimmering altar of Xom.
   293 | D        | Found a radiant altar of Vehumet.
   293 | D        | Found an iron altar of Okawaru.
   294 | D        | Found a burning altar of Makhleb.
   295 | D        | Found a deep blue altar of Sif Muna.
   296 | D        | Found a bloodstained altar of Trog.
   297 | D        | Found a sparkling altar of Nemelex Xobeh.
   298 | D        | Found a white marble altar of Elyvilon.
   299 | D        | Found a roughly hewn altar of Beogh.
   300 | D        | Found a viscous altar of Jiyva.
   301 | D        | Found a corrupted altar of Lugonu.
   302 | D        | Became a worshipper of Warmaster Okawaru
   303 | D        | Found a blossoming altar of Fedhas.
   304 | D        | Found a snail-covered altar of Cheibriados.
   305 | D        | Found a shadowy altar of Dithmenos.
   306 | D        | Found a stormy altar of Qazlal.
   307 | D        | Found an opulent altar of Gozag.
   308 | D        | Found a sacrificial altar of Ru.
   348 | D        | Learned a level 2 spell: Slow
   348 | D        | Noticed a crimson imp
   348 | D        | Noticed a yellow wasp
   348 | D        | Noticed a black bear
   353 | D        | Reached skill level 5 in Maces & Flails
   353 | D        | Reached XP level 3. HP: 40/40 MP: 0/4
   354 | D        | Killed a crimson imp
   354 | D        | Reached skill level 8 in Maces & Flails
   354 | D        | Reached XP level 4. HP: 49/49 MP: 0/6
   354 | D        | Killed a yellow wasp
   354 | D        | Acquired Okawaru's first power
   354 | D        | Reached skill level 12 in Maces & Flails
   354 | D        | Reached XP level 5. HP: 55/55 MP: 0/7
   357 | D        | Killed a black bear
   357 | D        | Reached XP level 6. HP: 62/71 MP: 0/8
   428 | D        | Learned a level 3 spell: Inner Flame
   428 | D        | Noticed a crimson imp
   428 | D        | Noticed a hungry ghost
   428 | D        | Noticed a wyvern
   428 | D        | Noticed a jelly
   435 | D        | Killed a wyvern
   435 | D        | Reached skill level 5 in Throwing
   435 | D        | Reached skill level 5 in Dodging
   454 | D        | Killed a hungry ghost
   454 | D        | Reached XP level 7. HP: 67/84 MP: 9/9
   461 | D        | Killed a jelly
   461 | D        | Reached skill level 10 in Fighting
   468 | D        | Killed a crimson imp
   601 | D        | Noticed a komodo dragon
   601 | D        | Noticed a water moccasin
   601 | D        | Noticed a crocodile
   601 | D        | Noticed a spiny frog
   601 | D        | Noticed an iguana
   601 | D        | Noticed a spiny frog
   601 | D        | Noticed a blink frog
   602 | D        | Noticed a crocodile
   607 | D        | Killed a komodo dragon
   607 | D        | Killed a crocodile
   607 | D        | Reached skill level 5 in Spellcasting
   607 | D        | Reached skill level 5 in Hexes
   607 | D        | Reached XP level 8. HP: 33/93 MP: 6/20
   611 | D        | Killed a water moccasin
   614 | D        | Killed a spiny frog
   621 | D        | Killed an iguana
   626 | D        | Killed a spiny frog
   627 | D        | Killed a blink frog
   627 | D        | Reached XP level 9. HP: 22/101 MP: 5/25
   629 | D        | Killed a crocodile
   630 | D        | Noticed a water moccasin
   799 | D        | Killed a water moccasin
  1003 | D        | Learned a level 4 spell: Cause Fear
  1008 | D        | Learned a level 4 spell: Enslavement
  1013 | D        | Learned a level 4 spell: Leda's Liquefaction
  1014 | D        | Noticed a spiny frog
  1014 | D        | Noticed a hound
  1014 | D        | Noticed a spiny frog
  1014 | D        | Noticed a giant frog
  1014 | D        | Noticed an elephant
  1014 | D        | Noticed a crocodile
  1023 | D        | Noticed a water moccasin
  1026 | D        | Killed a spiny frog
  1027 | D        | Noticed a yak
  1028 | D        | Killed a hound
  1036 | D        | Killed a spiny frog
  1044 | D        | Killed a giant frog
  1044 | D        | Reached skill level 10 in Dodging
  1055 | D        | Killed an elephant
  1055 | D        | Acquired Okawaru's second power
  1065 | D        | Killed a crocodile
  1077 | D        | Killed a water moccasin
  1085 | D        | Killed a yak
  1085 | D        | Reached XP level 10. HP: 44/110 MP: 17/27
  1326 | D        | Noticed a black bear
  1326 | D        | Noticed a polar bear
  1326 | D        | Noticed a black bear
  1326 | D        | Noticed a black bear
  1326 | D        | Noticed a black bear
  1326 | D        | Noticed a polar bear
  1326 | D        | Noticed a polar bear
  1327 | D        | Noticed a black bear
  1347 | D        | Killed a polar bear
  1359 | D        | a polar bear (ally) was killed
  1386 | D        | Killed a polar bear
  1387 | D        | Killed a black bear
  1392 | D        | Killed a black bear
  1395 | D        | Killed a black bear
  1400 | D        | Killed a black bear
  1405 | D        | Killed a black bear
  1535 | D        | Noticed Gastronok
  1561 | D        | Killed Gastronok
  1561 | D        | Received a gift from Okawaru
  1561 | D        | Received a gift from Okawaru
  1561 | D        | Reached skill level 14 in Maces & Flails
  1605 | D        | Noticed Psyche
  1617 | D        | Killed Psyche
  1880 | D        | Noticed an orc priest
  1880 | D        | Noticed an orc priest
  1880 | D        | Noticed an orc wizard
  1880 | D        | Noticed an orc priest
  1885 | D        | Noticed an orc sorcerer
  1890 | D        | Killed an orc priest
  1893 | D        | Killed an orc priest
  1898 | D        | Noticed an orc priest
  1904 | D        | Noticed a sixfirhy
  1967 | D        | Killed an orc sorcerer
  1967 | D        | Reached skill level 15 in Maces & Flails
  1970 | D        | Killed an orc wizard
  1974 | D        | Killed an orc priest
  1985 | D        | Noticed an orc wizard
  1995 | D        | Killed an orc priest
  1996 | D        | Killed an orc wizard
  2137 | D        | Noticed an orc warrior
  2137 | D        | Noticed an orc warrior
  2137 | D        | Noticed an orc warrior
  2137 | D        | Noticed an orc warrior
  2137 | D        | Noticed an orc warrior
  2145 | D        | Noticed an orc warrior
  2148 | D        | Killed an orc warrior
  2151 | D        | Noticed an orc warrior
  2151 | D        | Killed an orc warrior
  2157 | D        | Killed an orc warrior
  2159 | D        | Noticed an orc sorcerer
  2163 | D        | Killed an orc warrior
  2163 | D        | Reached skill level 16 in Maces & Flails
  2163 | D        | Reached XP level 11. HP: 80/118 MP: 20/29
  2201 | D        | Killed an orc warrior
  2214 | D        | Killed an orc warrior
  2215 | D        | Was placed under penance by Okawaru
  2219 | D        | Killed an orc warrior
  2231 | D        | Quit the game

Action                   |  1- 3 |  4- 6 |  7- 9 | 10-12 || total
-------------------------+-------+-------+-------+-------++-------
Melee: Unarmed           |    34 |       |       |       ||    34
       Club              |     6 |       |       |       ||     6
       Dire flail        |     1 |    19 |   100 |   130 ||   250
Throw: Large rock        |       |     3 |       |     7 ||    10
       Throwing net      |       |       |       |     3 ||     3
       Tomahawk          |       |       |       |     2 ||     2
 Cast: Corona            |     8 |       |     5 |     7 ||    20
       Slow              |       |       |     4 |    11 ||    15
       Cause Fear        |       |       |     1 |       ||     1
       Inner Flame       |       |       |     1 |       ||     1
       Enslavement       |       |       |       |     4 ||     4
Invok: Heroism           |       |       |     2 |     4 ||     6
Evoke: Wand              |     1 |     4 |     2 |       ||     7
  Use: Potion            |     2 |       |     1 |       ||     3
       Scroll            |       |       |       |     2 ||     2
 Stab: Held in net/web   |       |       |       |     1 ||     1
  Eat: Chunk             |       |       |     4 |     4 ||     8
       Fruit             |       |       |       |     1 ||     1
